cohdb
Replays
Latest Replays
All Replays
Popular Replays
Top Player Replays
Match Explorer
How It Works
Community
CoH3 Stats
Reddit
Sign in to upload your games and track your stats! →
Sign in with Steam
Match 46607948
Unlisted
Match 46607948
Overview
Messages
Build Orders
End
Engineer Squad
Selects Special Operations Battlegroup
Selects M29 Weasel Recon Vehicle
M29 Weasel Recon Vehicle
Construct Weapon Support Center
M1919 Machine Gun Team
M1919 Machine Gun Team
Construct Medical Station
Infantry Support Center
M3 Armored Personnel Carrier
M3 Armored Personnel Carrier
M3 Armored Personnel Carrier
Selects Raiding Flares
Selects SSF Commando Squad
SSF Commando Squad
Engineer Squad
Advanced Logistics
SSF Commando Squad
Survival Training
.30 cal Machine Gun
Selects P-47 Anti-Infantry Loiter
SSF Commando Squad
Munitions Surplus
P-47 Anti-Infantry Loiter
Improved M9 Bazooka Rockets
SSF Commando Squad
Bego
aSIIDemolitionHammer
hello
Seraphina
0
0
Comments
sign in to comment!
No comments posted yet!